 Dungeon Crawl Stone Soup version 0.20.1-1-g8b1a95d (webtiles) character file.

44709 lorenzova the Eclecticist (level 13, -23/63 HPs)
             Began as a Deep Elf Conjurer on Nov 6, 2017.
             Was a High Priest of Vehumet.
             Killed by an exploding fulminant prism (40 damage)
             ... created by the player character
             ... on level 4 of the Lair of Beasts.
             The game lasted 01:09:02 (21820 turns).

lorenzova the Eclecticist (Deep Elf Conjurer)      Turns: 21820, Time: 01:09:03

Health: -23/63     AC:  6    Str:  5    XL:     13   Next: 97%
Magic:  11/45      EV: 12    Int: 26    God:    Vehumet [*****.]
Gold:   608        SH:  4    Dex: 15    Spells: 11/47 levels left

rFire    . . .     SeeInvis .   A - staff of conjuration
rCold    . . .     Gourm    .   (no shield)
rNeg     . . .     Faith    .   Y - +2 leather armour {rPois}
rPois    +         Spirit   .   (no helmet)
rElec    .         Reflect  +   m - +0 cloak
rCorr    .         Harm     .   (no gloves)
MR       +....                  (no boots)
Stlth    ++........             x - +4 amulet of reflection
Regen    0.2/turn               o - ring of flight
MPRegen  0.3/turn               b - ring of magical power

@: lethally poisoned (-23 -> -23)
A: no striking features
a: Renounce Religion, Evoke Flight


You were on level 4 of the Lair of Beasts.
You worshipped Vehumet.
Vehumet was extremely pleased with you.
You were very hungry.

You visited 3 branches of the dungeon, and saw 17 of its levels.

You collected 1148 gold pieces.
You spent 540 gold pieces at shops.

Inventory:

Hand Weapons
 I - a +1 whip of electrocution
Armour
 m - a +0 cloak (worn)
 J - a +3 leather armour
 S - a +2 ring mail of magic resistance
 Y - a +2 leather armour of poison resistance (worn)
Magical Staves
 A - an uncursed staff of conjuration (weapon)
 Z - an uncursed staff of air
Jewellery
 b - a ring of magical power (right hand)
 e - an uncursed ring of ice
 o - a ring of flight (left hand)
 x - a +4 amulet of reflection (around neck)
 G - a +2 ring of strength
 O - an uncursed ring of resist corrosion
Wands
 a - a wand of clouds (5/9)
Scrolls
 d - 4 scrolls of recharging
 f - 8 scrolls of remove curse
 k - a scroll of identify
 l - a scroll of fear
 p - 7 scrolls of teleportation
 t - 2 scrolls of enchant weapon
 u - 3 scrolls of magic mapping
 w - a scroll of fog
 C - 2 scrolls of amnesia
Potions
 g - 3 potions of invisibility
 h - a potion of heal wounds
 i - 4 potions of curing
 j - 2 potions of flight
 n - a potion of magic
 s - 2 potions of berserk rage
 v - a potion of resistance
 z - 4 potions of ambrosia
 B - a potion of haste
 D - a potion of brilliance
 E - a potion of cancellation
 M - a potion of might
 N - 2 potions of agility
Comestibles
 c - 20 bread rations
 q - 5 royal jellies
 r - 6 fruits
 H - 5 meat rations


   Skills:
 - Level 3.1 Armour
 - Level 2.4 Dodging
 - Level 2.4 Stealth
 * Level 17.6 Spellcasting
 * Level 15.2 Conjurations
 - Level 10.2 Hexes
 * Level 8.2 Charms
 * Level 9.1 Fire Magic
 * Level 4.5 Air Magic


You had 11 spell levels left.
You knew the following spells:

 Your Spells              Type           Power        Failure   Level  Hunger
a - Magic Dart            Conj           ####         0%          1    None
b - Iskenderun's Battles  Conj/Chrm      #######.     1%          5    None
c - Iskenderun's Mystic   Conj           ########     1%          4    None
d - Fulminant Prism       Conj/Hex       #######...   1%          4    None
f - Fireball              Conj/Fire      #######...   1%          5    None
l - Lightning Bolt        Conj/Air       #######...   1%          5    None
o - Orb of Destruction    Conj           ########..   1%          7    #####..
q - Blink                 Tloc           N/A          4%          2    None
z - Conjure Flame         Conj/Fire      #######.     1%          3    None


Dungeon Overview and Level Annotations

Branches:
Dungeon (12/15)            Temple (1/1) D:4            Lair (4/6) D:11
  Swamp (0/4) Lair:3       Spider (0/4) Lair:3          Orc (0/2) D:12

Altars:
Ashenzari
Cheibriados
Dithmenos
Elyvilon
Fedhas
Gozag
Hepliaklqana
Kikubaaqudgha
Makhleb
Nemelex Xobeh
Okawaru
Qazlal
Ru
Sif Muna
Trog
Uskayaw
Vehumet
Xom
Yredelemnul
Zin
The Shining One

Shops:
D:4 *   D:5 }   D:6 :   D:8 (   D:12 *


Message History

Press: ? - help, Shift-Dir - straight line, f - elephant
Aim: an elephant (heavily wounded)
You feel a surge of power!
The magic dart hits the elephant.
The elephant is heavily wounded.
You feel sick.
Your battlesphere fires!
The barrage of energy hits the elephant.
The elephant is severely wounded.
The killer bee barely misses you.
You hear an explosion!
The blast of energy engulfs the killer bee.
You kill the killer bee!
Vehumet accepts your kill.
You feel your power returning.
The blast of energy engulfs the elephant.
You kill the elephant!
Vehumet accepts your kill.
You feel your power returning. The blast of energy engulfs you!
Ouch! That really hurt!
You die...

##### P##P########
.....##.....
.....#..P...
.....#..P.#†####
#.#..##....#..$##
..##..#....#Y#†.##
......##..#.#†#*.##
....P..#..#.#.#.@.##
##....##.#.#.#†#...#
.###.###.#.#.#*.#..%#
...#####..#.####.#...#
.#........#.#.##..##.(#
#....##....#...###.y#)#
#..##..##..#§.## ##..#
.##..##..##.##..# #.
#..##..##..#..##..#


You could see a friendly battlesphere.

Vanquished Creatures
  Snorg (Lair:3)
  Harold (Lair:3)
  5 hydras
  4 two-headed ogres
  Erica (D:10)
  The ghost of Vno the Basher, a novice MiBe of Trog (D:9)
  A death yak (Lair:4)
  Urug (D:11)
  Sonja (D:10)
  An unseen horror (D:12)
  A lindwurm (Lair:4)
  2 cyclopes
  Maurice (D:10)
  A manticore (D:11)
  2 ugly things (D:11)
  2 black mambas
  5 elephants
  A gargoyle (D:12)
  15 spiny frogs
  3 rime drakes
  5 komodo dragons
  A meliai (Lair:4)
  A hornet (D:10)
  5 trolls
  5 blink frogs
  5 hippogriffs
  2 wraiths
  2 redbacks (Lair:3)
  4 vampires
  3 wyverns
  2 shadows (D:12)
  36 yaks
  2 hungry ghosts
  2 basilisks
  A soldier ant (D:6)
  An acid dragon (D:11)
  13 water moccasins
  6 porcupines
  8 orc warriors
  3 phantoms
  5 ice beasts
  A sky beast (D:12)
  4 black bears
  A necrophage (D:12)
  A hornet zombie (D:10)
  11 wolves
  4 ogres
  8 crocodiles
  A centaur (D:12)
  The ghost of lorenzova the Conjurer, an amateur DECj (D:3)
  Blork the orc (D:6)
  A big kobold (D:10)
  11 bullfrogs
  4 scorpions
  36 killer bees
  5 wights (D:11)
  8 howler monkeys
  3 crimson imps
  A bullfrog skeleton (D:7)
  A centaur zombie (D:10)
  2 centaur skeletons
  6 hounds
  An orc priest (D:6)
  3 jellies
  12 orc wizards
  13 worker ants
  A hell rat (Lair:4)
  4 iguanas
  A hound zombie (D:6)
  2 hound skeletons
  A howler monkey zombie (D:9)
  13 gnolls
  16 adders
  2 howler monkey skeletons
  4 shadow imps
  2 oozes
  An adder zombie (D:9)
  An adder skeleton (D:4)
  2 worms
  A dart slug (D:2)
  3 leopard geckos
  34 orcs
  20 giant cockroaches
  2 hobgoblins
  8 jackals
  4 quokkas
  3 ball pythons
  11 bats
  A frilled lizard (D:1)
  4 goblins
  14 kobolds
  10 rats
  3 bushes (Lair:1)
  2 butterflies (D:6)
  A fungus (Lair:2)
  4 plants (Lair:1)
477 creatures vanquished.

Vanquished Creatures (others)
  A hippogriff (D:10)
  A killer bee (D:10)
  2 human simulacra (D:10)
  98 fulminant prisms
  4 fungi
  6 plants
112 creatures vanquished.

Grand Total: 589 creatures vanquished

Notes
Turn   | Place    | Note
-------+----------+-------------------------------------------
     0 | D:1      | lorenzova the Deep Elf Conjurer began the quest for the Orb.
     0 | D:1      | Reached XP level 1. HP: 10/10 MP: 6/6
   428 | D:1      | Reached XP level 2. HP: 15/15 MP: 5/8
   491 | D:1      | Learned a level 2 spell: Searing Ray
   998 | D:2      | Reached skill level 4 in Spellcasting
  1050 | D:2      | Reached skill level 5 in Conjurations
  1050 | D:2      | Reached XP level 3. HP: 19/19 MP: 3/10
  1635 | D:2      | Reached XP level 4. HP: 24/24 MP: 8/12
  1641 | D:2      | Learned a level 4 spell: Iskenderun's Mystic Blast
  1835 | D:2      | Reached skill level 5 in Spellcasting
  1948 | D:2      | Reached XP level 5. HP: 28/28 MP: 3/14
  2842 | D:3      | You fall through a shaft for 2 floors!
  2842 | D:5      | Entered Level 5 of the Dungeon
  2895 | D:5      | Noticed a black bear
  2901 | D:5      | Killed a black bear
  2901 | D:5      | Reached skill level 6 in Spellcasting
  3042 | D:5      | Reached XP level 6. HP: 26/32 MP: 7/17
  3126 | D:5      | Learned a level 4 spell: Fulminant Prism
  3156 | D:4      | Found an opulent altar of Gozag.
  3157 | D:4      | Found Gozag's Platinum Reserve.
  3224 | D:4      | Found a staircase to the Ecumenical Temple.
  3242 | Temple   | Entered the Ecumenical Temple
  3316 | Temple   | Became a worshipper of Vehumet
  3386 | D:4      | Reached skill level 1 in Hexes
  3880 | D:4      | Reached skill level 7 in Spellcasting
  4201 | D:3      | Found a white marble altar of Elyvilon.
  4213 | D:3      | Found a bloodstained altar of Trog.
  4492 | D:3      | Noticed lorenzova's ghost (amateur DECj)
  4494 | D:3      | Killed lorenzova's ghost
  4494 | D:3      | Reached XP level 7. HP: 36/36 MP: 9/19
  5446 | D:5      | Found Kimuqit's Gadget Shop.
  5592 | D:5      | Reached skill level 8 in Spellcasting
  5691 | D:5      | Found a burning altar of Makhleb.
  6198 | D:6      | Found a deep blue altar of Sif Muna.
  6258 | D:6      | Reached XP level 8. HP: 41/41 MP: 13/22
  6329 | D:6      | Found a runed door.
  6342 | D:6      | Found a runed door.
  6350 | D:6      | Reached * piety under Vehumet
  6350 | D:6      | Offered knowledge of Flame Tongue by Vehumet.
  6426 | D:6      | Reached skill level 9 in Spellcasting
  6743 | D:6      | Found a glowing golden altar of the Shining One.
  6806 | D:6      | Found Laq Fowah's Book Emporium.
  6824 | D:6      | Reached skill level 5 in Hexes
  6828 | D:6      | Noticed Blork the orc
  6830 | D:6      | Killed Blork the orc
  6923 | D:6      | Found an ancient bone altar of Kikubaaqudgha.
  7088 | D:7      | Reached skill level 10 in Spellcasting
  7284 | D:7      | Reached XP level 9. HP: 45/45 MP: 3/25
  7439 | D:7      | Offered knowledge of Sting by Vehumet.
  7443 | D:7      | Reached ** piety under Vehumet
  7566 | D:7      | Identified the Handbook of the Ghastly Rocks
  7974 | D:7      | Reached skill level 11 in Spellcasting
  8018 | D:7      | Found a snail-covered altar of Cheibriados.
  8445 | D:8      | Noticed a two-headed ogre
  8459 | D:8      | Killed a two-headed ogre
  8459 | D:8      | Reached skill level 10 in Conjurations
  8858 | D:8      | Reached skill level 12 in Spellcasting
  9031 | D:8      | Noticed a two-headed ogre
  9037 | D:8      | Killed a two-headed ogre
  9037 | D:8      | Reached XP level 10. HP: 50/50 MP: 20/28
  9360 | D:8      | Found Rabig's Antique Weapon Boutique.
  9417 | D:8      | Noticed a two-headed ogre
  9426 | D:8      | Killed a two-headed ogre
  9426 | D:8      | Offered knowledge of Inner Flame by Vehumet.
  9866 | D:9      | Reached skill level 13 in Spellcasting
  9905 | D:9      | Noticed a cyclops
 10259 | D:9      | Killed a cyclops
 11151 | D:9      | Noticed Vno's ghost (novice MiBe)
 11162 | D:9      | Killed Vno's ghost
 11297 | D:9      | Reached skill level 14 in Spellcasting
 11297 | D:9      | Reached XP level 11. HP: 54/54 MP: 21/31
 11309 | D:9      | Reached *** piety under Vehumet
 11663 | D:10     | Entered Level 10 of the Dungeon
 12134 | D:10     | Noticed Erica
 12144 | D:10     | Killed Erica
 12489 | D:10     | Noticed Sonja
 12530 | D:10     | Killed Sonja
 12589 | D:10     | Noticed Maurice
 12862 | D:10     | Offered knowledge of Stone Arrow by Vehumet.
 13129 | D:10     | Killed Maurice
 13746 | D:11     | Noticed a cyan ugly thing
 13778 | D:11     | Reached skill level 10 in Hexes
 13790 | D:11     | Reached skill level 15 in Spellcasting
 13798 | D:11     | Reached **** piety under Vehumet
 13867 | D:11     | Noticed Urug
 14043 | D:11     | Offered knowledge of Fireball by Vehumet.
 14050 | D:11     | Learned a level 5 spell: Fireball
 14287 | D:12     | Killed an unseen horror
 14287 | D:12     | Reached skill level 1 in Fire Magic
 14699 | D:12     | Reached XP level 12. HP: 59/59 MP: 16/33
 14773 | D:12     | Found a staircase to the Orcish Mines.
 15168 | D:12     | Learned a level 3 spell: Conjure Flame
 15171 | D:12     | Learned a level 2 spell: Blink
 15533 | D:12     | Noticed a six-headed hydra
 15544 | D:12     | Killed a six-headed hydra
 15816 | D:12     | Reached skill level 16 in Spellcasting
 15947 | D:12     | Found Waigoir's Blood Bar.
 16263 | D:11     | Reached skill level 5 in Fire Magic
 16337 | D:11     | Noticed a two-headed ogre
 16355 | D:11     | Killed a two-headed ogre
 16355 | D:11     | Reached skill level 1 in Armour
 16887 | D:6      | Bought a book of Power for 540 gold pieces
 16906 | D:6      | Learned a level 5 spell: Iskenderun's Battlesphere
 16914 | D:6      | Learned a level 7 spell: Orb of Destruction
 17065 | D:11     | Killed Urug
 17345 | D:11     | Found a staircase to the Lair.
 17432 | Lair:1   | Entered Level 1 of the Lair of Beasts
 17432 | Lair:1   | Noticed a four-headed hydra
 17437 | Lair:1   | Killed a four-headed hydra
 17517 | Lair:1   | Found a blossoming altar of Fedhas.
 17547 | Lair:1   | Reached skill level 1 in Charms
 17851 | Lair:1   | Reached ***** piety under Vehumet
 17853 | Lair:1   | Offered knowledge of Lightning Bolt by Vehumet.
 17865 | Lair:1   | Learned a level 5 spell: Lightning Bolt
 18919 | Lair:2   | Reached XP level 13. HP: 28/63 MP: 17/35
 19787 | Lair:2   | Reached skill level 17 in Spellcasting
 19787 | Lair:2   | Reached skill level 5 in Charms
 20112 | Lair:3   | Found a hole to the Spider Nest.
 20118 | Lair:3   | Reached skill level 1 in Air Magic
 20159 | Lair:3   | Found a staircase to the Swamp.
 20350 | Lair:3   | Noticed Harold
 20359 | Lair:3   | Killed Harold
 20362 | Lair:3   | Noticed Snorg
 20368 | Lair:3   | Killed Snorg
 20959 | Lair:4   | Reached skill level 15 in Conjurations
 21373 | Lair:4   | Offered knowledge of Yara's Violent Unravelling by Vehumet.
 21820 | Lair:4   | Killed by an exploding fulminant prism

Skill      XL: |  1  2  3  4  5  6  7  8  9 10 11 12 13 |
---------------+----------------------------------------+-----
Spellcasting   | 4 5 6 7 8 10 12 14 15 16 17 | 17.6
Conjurations   | 5 6 7 8 9 11 12 13 14 15 | 15.2
Hexes          | 2 4 5 7 9 10 | 10.2
Fire Magic     | 3 7 9 |  9.1
Armour         | 2 3 |  3.1
Charms         | 3 8 |  8.2
Air Magic      | 4 |  4.5
Dodging        | |  2.4
Stealth        | |  2.4

Action                   |  1- 3 |  4- 6 |  7- 9 | 10-12 | 13-15 || total
-------------------------+-------+-------+-------+-------+-------++-------
Melee: Short sword       |    38 |     1 |       |       |       ||    39
       Whip              |       |       |       |    14 |       ||    14
       Staff             |       |       |       |     2 |       ||     2
 Cast: Magic Dart        |    81 |   109 |    86 |   208 |   105 ||   589
       Searing Ray       |     1 |     1 |       |       |       ||     2
       Iskenderun's Myst |       |     4 |    54 |   173 |    54 ||   285
       Fulminant Prism   |       |     1 |    12 |    75 |    11 ||    99
       Fireball          |       |       |       |     3 |     4 ||     7
       Iskenderun's Batt |       |       |       |     8 |    36 ||    44
       Lightning Bolt    |       |       |       |     3 |     4 ||     7
       Blink             |       |       |       |     2 |     1 ||     3
       Orb of Destructio |       |       |       |     1 |     1 ||     2
 Abil: Evoke Flight      |       |       |     1 |       |       ||     1
  Use: Scroll            |       |     1 |    10 |    26 |       ||    37
       Potion            |       |       |       |       |     2 ||     2
 Stab: Sleeping          |       |     1 |       |       |       ||     1
  Eat: Chunk             |     2 |     9 |    11 |    26 |     6 ||    54
       Meat ration       |       |       |     1 |       |       ||     1
       Fruit             |       |       |       |     2 |     2 ||     4
       Royal jelly       |       |       |       |     1 |       ||     1
Armor: Robe              |    15 |     3 |     5 |       |       ||    23
       Leather armour    |       |       |       |     5 |     5 ||    10
       Ring mail         |       |       |       |    24 |       ||    24
Dodge: Dodged            |    40 |    17 |    20 |    37 |    11 ||   125
Block: Other             |       |       |     2 |    19 |     4 ||    25
       Reflection        |       |       |       |     3 |       ||     3
